 Dungeon Crawl Stone Soup version 0.13-a0-2133-ge955d09 (webtiles) character file.

97 Kae the Firebug (level 3, -1/19 HPs)
             Began as a Tengu Fire Elementalist on June 28, 2013.
             Slain by an orc warrior
             ... wielding a cursed -3,-2 orcish glaive
              (20 damage)
             ... on Level 1 of the Dungeon.
             The game lasted 00:01:28 (1020 turns).

Kae the Firebug (Tengu Fire Elementalist)           Turns: 1020, Time: 00:01:28

HP  -1/19        AC  2     Str  8      XL: 3   Next: 16%
MP   7/7         EV 12     Int 16      God:
Gold 68          SH  0     Dex 14      Spells:  1 memorised,  4 levels left

Res.Fire  : . . .   See Invis. : .   h - +0,+2 short sword (drain)
Res.Cold  : . . .   Warding    : .   a - +0 robe
Life Prot.: . . .   Conserve   : .   (no shield)
Res.Poison: .       Res.Corr.  : .   (helmet restricted)
Res.Elec. : .       Clarity    : .   (no cloak)
Sust.Abil.: . .     Spirit.Shd : .   (no gloves)
Res.Mut.  : .       Stasis     : .   (boots unavailable)
Res.Rott. : .       Flight     : .   (no amulet)
Saprovore : . . .                    (no ring)
                                     (no ring)

@: not resistant to hostile enchantments, fairly stealthy
A: beak, talons 3
a: no special abilities


You were on level 1 of the Dungeon.
You were hungry.

You visited 1 branch of the dungeon, and saw 1 of its levels.

You collected 48 gold pieces.

Inventory:

Hand weapons
 h - a +0,+2 short sword of draining (weapon)
Armour
 a - a +0 robe (worn)
Comestibles
 c - 3 bread rations
Scrolls
 e - 3 scrolls of enchant weapon I {unknown}
 i - a scroll of curse weapon {unknown}
 j - a scroll of remove curse {unknown}
 k - a scroll of blinking {unknown}
 l - a scroll of teleportation {unknown}
 o - a scroll of enchant weapon II {unknown}
Jewellery
 d - an uncursed ring of fire {unknown}
 f - an uncursed ring of sustenance {unknown}
 g - a +0,+5 ring of slaying {unknown}
 p - an uncursed amulet of rage {unknown}
Potions
 m - a potion of curing {unknown}
 n - a potion of invisibility {unknown}
 q - a potion of restore abilities {unknown}
Books
 b - a book of Flames

   Spells                             Type                      Level
   *Flame Tongue                      Conjuration/Fire             1
   Throw Flame                        Conjuration/Fire             2
   Conjure Flame                      Conjuration/Fire             3
   Inner Flame                        Hexes/Fire                   3
   Sticky Flame                       Conjuration/Fire             4
   Fireball                           Conjuration/Fire             5


   Skills:
 - Level 2.1 Dodging
 - Level 2.0 Stealth
 + Level 1.8 Spellcasting
 * Level 2.5 Conjurations
 * Level 3.6 Fire Magic


You had 4 spell levels left.
You knew the following spells:

 Your Spells              Type           Power        Failure   Level  Hunger
a - Flame Tongue          Conj/Fire      ##...        8%          1    ##.....


Dungeon Overview and Level Annotations

Branches:
Dungeon (1/27)

Altars:
Beogh


Innate Abilities, Weirdness & Mutations

You have a beak for a mouth.
You have claws for feet.


Message History

Aim: a rat (hasn't noticed you)
The flame hits the rat.
You kill the rat!
The orc wizard gestures wildly while chanting.
The orc wizard blinks!
The orc wizard casts a spell.
The orc wizard seems to speed up.
There is a large open door here.
The orc wizard gestures wildly while chanting.
The orc wizard blinks!
The orc shouts!
You see here 12 gold pieces.
You see here 12 gold pieces.
You now have 68 gold pieces (gained 12).
The orc wizard mumbles some strange words.
The orc wizard flickers and vanishes!
Deactivating autopickup; reactivate with Ctrl-A.
The orc warrior hits you from afar with an orcish glaive!
Ouch! That really hurt!
You die...

.................................
..#####.#.#######.###############
..# ###########################
..# #..........)............(##
..# #...########..#...#....#...
..#####...#>.o. ##..##...###...#
###...#...#...o#####...#...#.#...
# #.###...#..8o8$#.8.....#...#...
# #...#...#..o #@'......##..#..#.
# #...#...#..o.#.'............#..
# #...)...#..oo8.#.8......##.....
# #...#...#...o#####.....#..#...#
# #(..#...#>..S ##....#...##..#.
###...#...########....#..)#...#..
......#..............#.......##..
###(..#...###........#...##..#...
#.#.#.............#....#..#.#..


You could see an orc warrior, an orc wizard, 2 orcs and a ball python.

Vanquished Creatures
  A giant gecko (D:1)
  4 bats (D:1)
  3 goblins (D:1)
  5 hobgoblins (D:1)
  A ball python (D:1)
  A giant newt (D:1)
  7 kobolds (D:1)
  2 rats (D:1)
24 creatures vanquished.

Vanquished Creatures (others)
  A bat (D:1)
1 creature vanquished.

Grand Total: 25 creatures vanquished

Notes
Turn   | Place    | Note
--------------------------------------------------------------
     0 | D:1      | Kae, the Tengu Fire Elementalist, began the quest for the Orb.
     0 | D:1      | Reached XP level 1. HP: 10/10 MP: 3/3
   169 | D:1      | Reached XP level 2. HP: 13/15 MP: 3/5
   809 | D:1      | Reached XP level 3. HP: 15/19 MP: 0/7
   950 | D:1      | Found a roughly hewn altar of Beogh.
   950 | D:1      | Noticed an orc wizard
   950 | D:1      | Noticed an orc wizard
   950 | D:1      | Noticed an orc wizard
   950 | D:1      | Noticed an orc warrior
  1020 | D:1      | Slain by an orc warrior

Action                   || total
-------------------------++-------
Melee: Unarmed           ||    11
       Short sword       ||    11
 Cast: Flame Tongue      ||    32
